 Dungeon Crawl Stone Soup version 0.30-a0-1016-gfb0d676c02 (webtiles) character file.

Game seed: 6313053732773335790

503 gelatine the Magician (level 6, 0/44 HPs)
             Began as a Demonspawn Hedge Wizard on Apr 6, 2023.
             Was a Follower of Dithmenos.
             Slain by an iguana (5 damage)
             ... on level 5 of the Dungeon.
             The game lasted 00:18:07 (4866 turns).

gelatine the Magician (Demonspawn Hedge Wizard)     Turns: 4866, Time: 00:18:08

Health: 0/44       AC: 11    Str: 12    XL:     6   Next: 96%
Magic:  10/12      EV: 11    Int: 17    God:    Dithmenos [*.....]
Gold:   223        SH:  0    Dex: 13    Spells: 9/13 levels left

rFire   . . .      SeeInvis .    n - +1 dagger (drain)
rCold   . . .      Faith    .    (no shield)
rNeg    . . .      Spirit   .    w - +6 ring mail "Tuokh" {Str+2}
rPois   .          Reflect  .    c - +0 hat
rElec   .          Rampage  .    (no cloak)
rCorr   .                        (no gloves)
Will    .....                    (no boots)
Stlth   ++                       (no amulet)
HPRegen 0.27/turn                (no ring)
MPRegen 0.26/turn                (no ring)

@: weakened, wreathed by umbra
A: antennae 2, spiny 1, magic regeneration
a: Renounce Religion


You were on level 5 of the Dungeon.
You worshipped Dithmenos.
Dithmenos was aware of your devotion.
You visited 2 branches of the dungeon, and saw 7 of its levels.

You collected 223 gold pieces.

Inventory:

Hand Weapons
 e - a +2 dagger of venom
 h - a +2 dagger of speed
 k - a +2 dagger of protection
 n - a +1 dagger of draining (weapon)
 t - a +4 dagger of pain
Armour
 c - a +0 hat (worn)
 w - the +6 ring mail "Tuokh" (worn) {Str+2}
   (You found it on level 3 of the Dungeon)

   Str:       It affects your strength (+2).
Magical Staves
 f - a staff of death
Scrolls
 i - a scroll of poison
 j - 2 scrolls of immolation
 m - a scroll of fear
 s - 2 scrolls of teleportation
Potions
 a - a potion of brilliance {unknown}
 b - 2 potions of curing
 d - a potion of magic
 g - a potion of lignification
 l - a potion of berserk rage {unknown}
 o - 2 potions of heal wounds {unknown}
 p - a potion of mutation
 r - a potion of attraction {unknown}


   Skills:
 * Level 1.8 Fighting
 * Level 1.8 Short Blades
 * Level 1.7 Armour
 * Level 2.8 Dodging
 * Level 2.9 Stealth
 * Level 4.2 Spellcasting
 * Level 2.6 Conjurations
 * Level 1.3 Summonings
 * Level 0.9 Necromancy
 * Level 1.4 Translocations
 * Level 1.2 Invocations
 * Level 0.6 Evocations


You had 9 spell levels left.
You knew the following spells:

 Your Spells              Type           Power      Damage    Failure   Level
a - Magic Dart            Conj           48%        1d5       12%         1
b - Apportation           Tloc           16%        N/A       19%         1
c - Call Imp              Summ           8%         N/A       28%         2

Your spell library contained the following spells:

 Spells                   Type           Power      Damage    Failure   Level
 Blink                    Tloc           16%        N/A       28%         2
 Slow                     Hex            12%        N/A       34%         1
 Cigotuvi's Dreadful Rot  Necr/Pois/Air  8%         N/A       41%         2
 Hailstorm                Conj/Ice       7%         3d4       52%         3
 Mephitic Cloud           Conj/Pois/Air  6%         N/A       58%         3
 Frozen Ramparts          Ice            6%         1d1       71%         3
 Summon Ice Beast         Ice/Summ       5%         N/A       95%         4
 Ice Form                 Ice/Tmut       3%         N/A       98%         4
 Alistair's Intoxication  Tmut/Pois      2%         N/A       100%        5
 Simulacrum               Ice/Necr       2%         N/A       100%        6


Dungeon Overview and Level Annotations

Branches:
Dungeon (6/15)             Temple (1/1) D:4

Altars:
Ashenzari
Cheibriados
Dithmenos
Fedhas
Gozag
Makhleb
Nemelex Xobeh
Okawaru
Qazlal
Sif Muna
Trog
Uskayaw
Vehumet
Wu Jian
Yredelemnul

Shops:
D:5 (


Innate Abilities, Weirdness & Mutations

You have a pair of antennae on your head.
You are partially covered in sharp spines.
You regenerate magic rapidly.


Message History

The iguana is lightly wounded.
The gnoll is no longer moving quickly.
The gnoll barely misses you. The iguana is struck by your spines.
The iguana bites you.
* * * LOW HITPOINT WARNING * * *
Your crimson imp hits the iguana but does no damage.
You completely miss the iguana.
The iguana is moderately wounded.
The gnoll hits you from afar with a +0 spear.
* * * LOW HITPOINT WARNING * * *
The iguana is struck by your spines. The iguana misses you.
The gnoll bouda hits your crimson imp with a +0 whip!
Your crimson imp hits the gnoll bouda but does no damage.
You hit the iguana but do no damage.
The iguana is heavily wounded.
The gnoll is no longer moving quickly.
The gnoll hits you but does no damage. The iguana barely misses you.
The gnoll bouda hits your crimson imp with a +0 whip!
Your crimson imp dies!
Your crimson imp disappears in a puff of smoke!
The iguana attacks as you move away! The iguana bites you.
* * * LOW HITPOINT WARNING * * *
The gnoll bouda barks out a call to the hunt!
The gnoll picks up the pace!
The iguana attacks as you move away! The iguana misses you.
The gnoll bouda gazes fiercely through you!
You feel your attacks grow feeble. The gnoll closely misses you.
The iguana attacks as you move away! The iguana is struck by your spines.
The iguana bites you.
* * * LOW HITPOINT WARNING * * *
The gnoll barely misses you. The iguana attacks as you move away!
The iguana bites you but does no damage.
Items here: )) [ †.
The iguana attacks as you move away! The iguana closely misses you.
The gnoll hits you from afar with a +0 spear.
* * * LOW HITPOINT WARNING * * *
There is an escape hatch in the ceiling here.
The iguana is struck by your spines. The iguana bites you.
You die...

............#####
........##..##..###
..##....##..##....# #######
.. . #....##..8.....#
#.....##.. ............)...#
#........ .............<...#
.......
.###............##+####....#
#
#...8...∩...8##...##....##...
#...........@lgg..........^..
#.....>.......g......).......
#.##......'####.######..##...
##.#.....8#..###.# .)#
.........#.......# g...
.........'....<..# .....
...##....##..##..# #+#### ##
#....###+##..# #.....#......#


You could see a gnoll bouda, an iguana and 2 gnolls.

Vanquished Creatures
  2 hounds (D:4)
  An orc priest (D:4)
  An iguana (D:4)
  A sleepcap (D:5)
  3 orc wizards
  Robin (D:3)
  6 gnolls
  5 adders
  An ufetubus (D:4)
  A worm (D:2)
  7 dart slugs
  20 orcs
  4 endoplasms
  2 giant cockroaches
  28 goblins
  7 hobgoblins
  7 jackals
  8 kobolds
  A quokka (D:2)
  10 ball pythons
  9 bats
  5 frilled lizards
  9 rats
139 creatures vanquished.

Notes
Turn   | Place    | Note
-------+----------+-------------------------------------------
     0 | D:1      | gelatine the Demonspawn Hedge Wizard began the quest for
                  | the Orb.
     0 | D:1      | Reached XP level 1. HP: 13/13 MP: 4/4
   219 | D:1      | Gained mutation: You regenerate magic rapidly. [demonic
                  | ancestry]
   219 | D:1      | Reached XP level 2. HP: 19/19 MP: 3/6
   770 | D:1      | Gained mutation: You have a pair of small antennae on your
                  | head. [demonic ancestry]
   770 | D:1      | Reached XP level 3. HP: 24/24 MP: 2/7
  1486 | D:2      | Reached XP level 4. HP: 27/31 MP: 5/9
  1623 | D:2      | Reached skill level 1 in Armour
  1685 | D:2      | Learned a level 1 spell: Apportation
  1826 | D:2      | Reached skill level 1 in Short Blades
  2101 | D:3      | Reached skill level 1 in Fighting
  2101 | D:3      | Reached skill level 1 in Translocations
  2294 | D:3      | Gained mutation: You have a pair of antennae on your head.
                  | [demonic ancestry]
  2294 | D:3      | Reached XP level 5. HP: 35/37 MP: 4/10
  2863 | D:3      | Noticed Robin
  2879 | D:3      | Killed Robin
  2938 | D:3      | Identified the +6 ring mail "Tuokh" {Str+2}
  3223 | D:4      | Found a staircase to the Ecumenical Temple.
  3289 | Temple   | Entered the Ecumenical Temple
  3418 | Temple   | Became a worshipper of Dithmenos the Shadowed
  3509 | D:5      | Entered Level 5 of the Dungeon
  3509 | D:5      | Found Soskant's Antique Weapon Shop.
  3515 | D:5      | Gained mutation: You are partially covered in sharp spines.
                  | [demonic ancestry]
  3515 | D:5      | Reached XP level 6. HP: 12/43 MP: 11/11
  3528 | D:4      | Reached skill level 4 in Spellcasting
  4232 | D:4      | You fall into a shaft and drop 2 floors!
  4283 | D:5      | Reached * piety under Dithmenos
  4284 | D:5      | Reached skill level 1 in Invocations
  4697 | D:4      | Learned a level 2 spell: Call Imp
  4866 | D:5      | Slain by an iguana

Illustrated notes

Levels and vault maps discovered:
D:1:      saegor_arrival_under_anarchy, layout_loops_ring
D:2:      layout_rooms, minmay_pentomino_s2
D:3:      kennysheep_goblin_castle, layout_basic,
          corexii_item_surrounded_by_moat
D:4:      layout_cave_pods, minmay_temple_entry_steel_oval
D:5:      layout_gridville, serial_shops, nicolae_stop_n_shop_1, uniq_duvessa
D:6:      layout_loops_ring
Temple:   regret_index_temple_mists

Skill      XL: |  1  2  3  4  5  6 |
---------------+-------------------+-----
Dodging        | 2 |  2.8
Stealth        | 2 |  2.9
Armour         | 1 |  1.7
Short Blades   | 1 |  1.8
Fighting       | 1 |  1.8
Translocations | 1 |  1.4
Conjurations   | 2 |  2.6
Spellcasting   | 4 |  4.2
Invocations    | 1 |  1.2
Summonings     | |  1.3
Necromancy     | |  0.9
Evocations     | |  0.6

Action                     |  1- 3 |  4- 6 || total
---------------------------+-------+-------++-------
  Melee: Dagger            |    57 |   141 ||   198
         Punch             |       |     1 ||     1
   Cast: Magic Dart        |    74 |   207 ||   281
         Apportation       |       |     6 ||     6
         Call Imp          |       |     2 ||     2
    Use: Potion            |       |     3 ||     3
         Scroll            |       |    10 ||    10
   Stab: Sleeping          |     2 |     3 ||     5
 Armour: Robe              |    16 |    10 ||    26
         Skin              |       |     2 ||     2
         Ring mail         |       |    64 ||    64
  Dodge: Dodged            |    53 |   144 ||   197

Table legend: (Time is in decaauts)
 A = Elapsed time spent in this place.
 B = Non-inter-level travel time spent in this place.
 C = Inter-level travel time spent in this place.
 D = Time resting spent in this place.
 E = Time spent auto-exploring this place.
 F = Levels seen in this place.
 G = Mean time per level.
                   A        B        C        D        E       F      G
               +--------+--------+--------+--------+--------+-----+--------+
         Total |   4896 |   4618 |    278 |      0 |   3516 |   7 |  699.4 |
       Dungeon |   4701 |   4447 |    254 |      0 |   3368 |   6 |  783.5 |
        Temple |    194 |    170 |     24 |      0 |    148 |   1 |  194.0 |
               +--------+--------+--------+--------+--------+-----+--------+

Top non-repeatable levels by time:
     D:4: 1338 daAuts
     D:3: 1300 daAuts
     D:1: 1205 daAuts
     D:2: 637 daAuts
     D:5: 206 daAuts
  Temple: 194 daAuts
     D:6: 12 daAuts
